 Dungeon Crawl Stone Soup version 0.22-b1-26-g9dbaab1 (webtiles) character file.

82770 Lew the Protected (level 15, -8/157 HPs)
             Began as a Gargoyle Fighter on Aug 8, 2018.
             Was a High Priest of Qazlal.
             Mangled by a bone dragon (10 damage)
             ... on level 2 of the Abyss.
             The game lasted 01:45:57 (16037 turns).

Lew the Protected (Gargoyle Fighter)               Turns: 16037, Time: 01:45:58

Health: -8/157     AC: 30    Str: 28    XL:     15   Next: 74%
Magic:  0/13       EV:  2    Int:  9    God:    Qazlal [*****.]
Gold:   252        SH: 21    Dex:  5    Spells: 14/14 levels left

rFire    . . .     SeeInvis .   E - +4 war axe (venom)
rCold    + . .     Gourm    .   c - +0 shield
rNeg     + + +     Faith    .   (armour currently unavailable)
rPois    ∞         Spirit   +   (helmet currently unavailable)
rElec    .         Reflect  .   (cloak currently unavailable)
rCorr    .         Harm     .   (gloves currently unavailable)
MR       +....     Rnd*Rage +   (boots currently unavailable) Stlth ..........NoTele +
                                k - amulet of guardian spirit
HPRegen  0.36/turn              l - +3 ring of intelligence
MPRegen  0.13/turn              w - ring of protection from cold

@: berserking, tree-form, protected from physical damage, studying Ice Magic,
repel missiles, very quick
A: [berserk 3], [blurry vision 3], clumsy 1[+1], [dopey 2], [frail 3], [low mp
3], negative energy resistance 1, screaming 1, strong 1, [weak 2], wild magic 1,
petrification resistance, rot immunity, [subdued magic 3], AC +11
a: Upheaval, Elemental Force, Disaster Area, Renounce Religion


You were on level 2 of the Abyss.
You worshipped Qazlal.
Qazlal was extremely pleased with you.
You were not hungry.
You were a tree.
You visited 4 branches of the dungeon, and saw 15 of its levels.
You visited the Abyss 1 time.
You also visited: Ice Cave.

You collected 1803 gold pieces.
You spent 1551 gold pieces at shops.

Inventory:

Hand Weapons
 a - the +8 hand axe of the Hierophant {flame, MR+ Dex+3}
   (You bought it in a shop on level 2 of the Orcish Mines)

   It has been specially enchanted to burn those struck by it, causing extra
   injury to most foes and up to half again as much damage against particularly
   susceptible opponents.
   Big, fiery blades are also staple armaments of hydra-hunters.
   It affects your dexterity (+3).
   It affects your resistance to hostile enchantments.
 p - a +0 battleaxe of chopping
 q - a +2 battleaxe of freezing
 u - a +2 war axe of chopping
 v - a +0 arbalest of velocity
 E - a +4 war axe of venom (weapon)
Missiles
 i - 23 tomahawks (quivered)
 t - 392 arrows
Armour
 b - a scarf of spirit shield (melded)
 c - a +0 shield (worn)
 n - a +2 pair of gloves (melded)
 r - a +0 helmet
 s - a +1 ring mail of poison resistance
 D - a +2 pair of boots (melded)
 F - a +0 scale mail of cold resistance
 J - a +1 hat of intelligence (melded)
 M - a +0 plate armour (melded)
Jewellery
 k - an amulet of guardian spirit (around neck)
 l - a +3 ring of intelligence (left branch)
 w - a ring of protection from cold (right branch)
 y - an uncursed amulet of the acrobat {unknown}
 A - an uncursed ring of ice
Wands
 h - a wand of iceblast (8)
 j - a wand of digging (4)
 o - a wand of polymorph (25)
 z - a wand of flame (81)
Scrolls
 e - 5 scrolls of amnesia
 g - 3 scrolls of remove curse
 x - 3 scrolls of teleportation
Potions
 d - a potion of magic
 O - 3 potions of mutation
Books
 H - a manual of Ice Magic
 I - a manual of Ice Magic
Comestibles
 f - 11 rations


   Skills:
 + Level 14.1 Fighting
 + Level 13.9 Axes
 + Level 14.1 Armour
 + Level 14.1 Shields
 - Level 5.9 Invocations


You had 14 spell levels left.
You didn't know any spells.
Your spell library contained the following spells:

 Spells                   Type           Power        Failure   Level  Hunger
 Magic Dart               Conj           #...         36%         1    ##.....
 Conjure Flame            Conj/Fire      #.......     77%         3    ####...
 Lightning Bolt           Conj/Air       #.........   100%        5    ######.
 Slow                     Hex            #.......     52%         2    ###....
 Mephitic Cloud           Conj/Pois/Air  #.......     77%         3    ####...
 Summon Small Mammal      Summ           #...         36%         1    ##.....
 Blink                    Tloc           N/A          52%         2    ###....
 Summon Ice Beast         Ice/Summ       #.......     99%         4    #####..
 Call Imp                 Summ           #.......     52%         2    ###....
 Shock                    Conj/Air       #...         36%         1    ##.....
 Swiftness                Chrm/Air       #.......     52%         2    ###....
 Airstrike                Air            #.........   99%         4    #####..
 Call Canine Familiar     Summ           #.......     77%         3    ####...
 Static Discharge         Conj/Air       #.......     77%         3    ####...
 Summon Lightning Spire   Summ/Air       #.......     99%         4    #####..
 Summon Guardian Golem    Hex/Summ       #.......     77%         3    ####...


Dungeon Overview and Level Annotations

Branches:
Dungeon (9/15)             Temple (1/1) D:4             Orc (2/2) D:9
    Elf (3/3) Orc:2
   Lair: D:8-11

Altars:
Ashenzari
Cheibriados
Dithmenos
Elyvilon
Fedhas
Gozag
Hepliaklqana
Kikubaaqudgha
Makhleb
Nemelex Xobeh
Okawaru
Qazlal
Ru
Sif Muna
Trog
Uskayaw
Vehumet
Wu Jian
Xom
Yredelemnul
Zin
The Shining One
Beogh

Shops:
D:4 *   D:6 %   Orc:1 (   Orc:2 !!((   Elf:1 !   Elf:3 :


Innate Abilities, Weirdness & Mutations

You are resistant to torment.
((Your stone body is resilient. (AC +11)))
You are immune to poison.
((Your large and strong wings let you fly indefinitely.))
You resist negative energy. (rN+)
((You are resistant to electric shocks. (rElec)))
((You can survive without breathing.))
You are immune to petrification.
You are immune to rotting.
((You are partially covered in large bone plates. (SH +4)))
You occasionally shout uncontrollably at your foes.
Your muscles are strong. (Str +2)
Your spells are a little harder to cast, but a little more powerful.
[You have an uncontrollable temper.]
[Scrolls take you much longer to read.]
[You are very clumsy. (Dex -4)]
[You are very dopey. (Int -4)]
[You are extremely frail. (-30% HP)]
[Your magical capacity is extremely low. (-30% MP)]
[You are very weak. (Str -4)]
[Your spells are much easier to cast, but much less powerful.]


Message History

You feel better.
The lich touches you but does no damage.
The bone dragon bites you but does no damage.
The bone dragon claws you but does no damage.
You block the bone dragon's attack.
The wretched star pulses with an eldritch light!
You feel stupid. x2
The wretched star pulses with an eldritch light!
Your connection to magic feels more subdued.
Your connection to magic feels nearly dormant.
You feel extremely angry at everything!
The lich touches you but does no damage.
You cannot teleport because you are held in place by your roots.
A red film seems to cover your vision as you go berserk!
You feel yourself moving faster!
You feel mighty!
You hear a bark! x2
A chorus of shrieks assaults your mind.
* * * LOW HITPOINT WARNING * * *
The bone dragon bites you!
You die...

####. ..... . #%
#.#.# .........# .#
## #. ##... ≈...≈
#..#.#. .. .... .. ≈
#..#.X.##...........
##..X##..# ... . ..
#.X#**#.#.#X.......
#wyLD###.#X....#
#.###♣§.### XX..#
.k. #§.§...#XX... ..
.§#§...#. X...# ..
#.#.....#.... . # .#
...#...... .# .#
######.... # .
##.#....##..# # # .
...# .. . .#.##. ###
#


You could see a bone dragon, 2 starcursed masses, a tentacled starspawn, a lich,
2 wretched stars, a hornet shaped shifter and a starspawn tentacle.

Vanquished Creatures
  Nikola (Elf:2)
  A tentacled starspawn (Abyss:2)
  A deep elf elementalist (Elf:3)
  Josephine (Orc:2)
  A deep elf high priest (Elf:1)
  An ice dragon (Orc:1)
  25 dancing weapons
  5 orc high priests
  The ghost of letownia2 the Fighter, a novice DsTm of Cheibriados (D:8)
  17 deep elf knights
  14 deep elf archers
  45 deep elf magi
  6 orc knights
  2 orc sorcerers
  An ice statue (IceCv)
  10 freezing wraiths (IceCv)
  A yaktaur (shapeshifter) (Elf:2)
  2 polar bears (Orc:1)
  A troll (Orc:2)
  2 hippogriffs (D:8)
  4 wraiths (Orc:2)
  4 air elementals
  A tarantella (Orc:1)
  3 water elementals
  4 yaks (Orc:1)
  2 fire elementals
  4 hungry ghosts (D:8)
  A death yak simulacrum (IceCv)
  3 wargs
  A small abomination (Abyss:2)
  A water moccasin (D:8)
  28 orc warriors
  4 sky beasts
  8 ice beasts
  A black bear (D:9)
  3 phantoms
  An alligator simulacrum (IceCv)
  2 necrophages (D:7)
  A wolf (Orc:1)
  5 centaurs
  8 ogres
  A big kobold (D:8)
  An earth elemental (Elf:3)
  8 bullfrogs
  A scorpion (D:4)
  10 killer bees
  A swamp dragon simulacrum (IceCv)
  4 howler monkeys
  8 wights
  4 crimson imps
  5 draconian simulacra (IceCv)
  A bullfrog zombie (D:6)
  7 quasits
  A jelly (D:5)
  26 orc priests
  A centaur skeleton (D:7)
  18 orc wizards
  9 hounds
  A gnoll shaman (D:5)
  An iguana (D:9)
  A polar bear simulacrum (IceCv)
  5 worker ants
  4 troll simulacra (IceCv)
  3 spriggan simulacra (IceCv)
  4 hound zombies
  3 worker ant zombies
  3 naga simulacra (IceCv)
  5 ogre simulacra (IceCv)
  13 adders
  6 gnolls
  2 shadow imps
  12 white imps (IceCv)
  2 adder skeletons (D:4)
  An adder zombie (D:5)
  2 worms
  A dart slug (D:3)
  2 leopard geckos
  71 orcs
  A ball python (D:5)
  9 bats
  8 giant cockroaches
  8 goblins
  8 hobgoblins
  17 jackals
  5 quokkas
  A frilled lizard (D:1)
  A jackal skeleton (D:6)
  6 kobolds
  2 leopard gecko skeletons
  3 rats
  A fungus (Elf:2)
  3 starspawn tentacles (Abyss:2)
548 creatures vanquished.

Vanquished Creatures (others)
  2 deep elf knights (Elf:1)
  A necromancer (IceCv)
  6 starspawn tentacles (Abyss:2)
  A withered plant (D:7)
10 creatures vanquished.

Grand Total: 558 creatures vanquished

Notes
Turn   | Place    | Note
-------+----------+-------------------------------------------
     0 | D:1      | Lew the Gargoyle Fighter began the quest for the Orb.
     0 | D:1      | Reached XP level 1. HP: 14/14 MP: 1/1
    30 | D:1      | Reached XP level 2. HP: 15/19 MP: 2/2
   279 | D:1      | Reached XP level 3. HP: 23/23 MP: 3/3
   896 | D:2      | Reached XP level 4. HP: 22/28 MP: 4/4
  1015 | D:2      | Found a faded altar of an unknown god.
  1496 | D:3      | Reached XP level 5. HP: 31/32 MP: 5/5
  1941 | D:3      | Gained mutation: Your muscles are strong. (Str +2) [potion of mutation]
  1941 | D:3      | Gained mutation: Your spells are a little harder to cast, but a little more powerful. [potion of mutation]
  1941 | D:3      | Gained mutation: [You are clumsy. (Dex -2)] [potion of mutation]
  1941 | D:3      | Gained mutation: You are partially covered in large bone plates. (SH +4) [potion of mutation]
  2361 | D:4      | Found a staircase to the Ecumenical Temple.
  2419 | D:4      | Reached skill level 5 in Axes
  2571 | D:4      | Reached XP level 6. HP: 38/38 MP: 6/6
  2631 | D:4      | Found Zeoquor's General Store.
  2639 | D:4      | Bought a +3 ring of intelligence for 204 gold pieces
  2639 | D:4      | Bought a scroll of identify for 26 gold pieces
  2719 | Temple   | Entered the Ecumenical Temple
  2956 | Temple   | Became a worshipper of Qazlal Stormbringer
  3015 | D:5      | Entered Level 5 of the Dungeon
  3015 | D:5      | Noticed a sky beast
  3015 | D:5      | Noticed a sky beast
  3016 | D:5      | Noticed an ice beast
  3042 | D:5      | Found a glowing drain.
  3330 | D:5      | Reached XP level 7. HP: 43/43 MP: 7/7
  3615 | D:5      | Reached XP level 8. HP: 38/48 MP: 8/8
  3621 | D:5      | Reached skill level 5 in Armour
  3641 | D:5      | Reached skill level 5 in Shields
  3890 | D:5      | Reached skill level 5 in Fighting
  4309 | D:6      | Reached * piety under Qazlal
  4509 | D:6      | Found an iron altar of Okawaru.
  4897 | D:6      | Found Liump's Food Emporium.
  4997 | D:7      | Reached XP level 9. HP: 54/55 MP: 9/9
  5102 | D:7      | Reached ** piety under Qazlal
  5911 | D:7      | Reached XP level 10. HP: 63/63 MP: 10/10
  6239 | D:8      | Noticed letownia2's ghost (novice DsTm)
  6292 | D:8      | Found a transporter.
  6322 | D:8      | Reached *** piety under Qazlal
  6335 | D:8      | Killed letownia2's ghost
  6361 | D:8      | Found a transporter.
  6592 | D:8      | Reached skill level 10 in Axes
  7086 | D:9      | Found a staircase to the Orcish Mines.
  7230 | D:9      | Reached **** piety under Qazlal
  7252 | D:9      | Reached skill level 1 in Invocations
  7354 | D:9      | Reached XP level 11. HP: 69/69 MP: 11/11
  7355 | D:9      | Found a bloodstained altar of Trog.
  7795 | Orc:1    | Entered Level 1 of the Orcish Mines
  7796 | Orc:1    | Noticed an orc sorcerer
  7819 | Orc:1    | Killed an orc sorcerer
  7988 | Orc:1    | Reached ***** piety under Qazlal
  8013 | Orc:1    | Found a frozen archway.
  8013 | Orc:1    | Noticed an ice dragon
  8038 | Orc:1    | Killed an ice dragon
  8122 | IceCv    | Entered an ice cave
  8341 | IceCv    | Reached skill level 5 in Invocations
  8756 | IceCv    | Reached XP level 12. HP: 53/76 MP: 13/16
  8786 | IceCv    | Found an ancient bone altar of Kikubaaqudgha.
  9623 | Orc:1    | Found Icso's Weapon Emporium.
  9629 | Orc:1    | Bought a +0 battleaxe of chopping for 152 gold pieces
  9806 | Orc:2    | Entered Level 2 of the Orcish Mines
  9808 | Orc:2    | Found a staircase to the Elven Halls.
  9808 | Orc:2    | Found a roughly hewn altar of Beogh.
  9817 | Orc:2    | Noticed Snorg
 10230 | D:9      | Reached skill level 10 in Armour
 10441 | Orc:1    | Noticed Snorg
 10441 | Orc:1    | Snorg changed into Snorg the tarantella
 10446 | Orc:1    | Killed Snorg the tarantella
 10484 | Orc:2    | Reached skill level 10 in Shields
 10487 | Orc:2    | Reached skill level 10 in Fighting
 10857 | Orc:2    | Reached ****** piety under Qazlal
 11328 | Orc:2    | Noticed Josephine
 11338 | Orc:2    | Killed Josephine
 11523 | Orc:2    | Noticed an orc high priest
 11524 | Orc:2    | Noticed an orc high priest
 11526 | Orc:2    | Noticed an orc high priest
 11540 | Orc:2    | Killed an orc high priest
 11808 | Orc:2    | Noticed a soul eater
 11808 | Orc:2    | Noticed a soul eater
 11815 | Orc:1    | Killed an orc high priest
 11982 | Orc:2    | Noticed a soul eater
 11982 | Orc:2    | Noticed a soul eater
 11987 | Orc:2    | Killed an orc high priest
 11988 | Orc:2    | Reached XP level 13. HP: 75/84 MP: 7/17
 12065 | Orc:2    | Gained mutation: You occasionally shout uncontrollably at your foes. [a neqoxec]
 12166 | Orc:2    | Found Vawkeac's Distillery.
 12166 | Orc:2    | Found Ykafor's Distillery.
 12167 | Orc:2    | Found Lustrem's Antique Weapon Emporium.
 12167 | Orc:2    | Found Wociullu's Weapon Shoppe.
 12176 | Orc:2    | Bought a potion of mutation for 112 gold pieces
 12184 | Orc:2    | Bought a potion of mutation for 112 gold pieces
 12279 | Orc:2    | Bought the +8 hand axe of the Hierophant {flame, MR+ Dex+3} for 707 gold pieces
 12290 | Orc:2    | Bought a potion of might for 56 gold pieces
 12290 | Orc:2    | Bought a potion of might for 56 gold pieces
 12290 | Orc:2    | Bought a potion of berserk rage for 70 gold pieces
 12290 | Orc:2    | Bought a potion of might for 56 gold pieces
 12357 | Elf:1    | Entered Level 1 of the Elven Halls
 13178 | Elf:1    | Noticed a deep elf high priest
 13184 | Elf:1    | Gained mutation: Your large and strong wings let you fly indefinitely. [Gargoyle growth]
 13184 | Elf:1    | Reached XP level 14. HP: 78/92 MP: 14/18
 13245 | Elf:1    | Found Xanein's Distillery.
 13621 | Elf:1    | Found an ancient bone altar of Kikubaaqudgha.
 14464 | Elf:2    | Found a huge runed gate.
 14466 | Elf:2    | Found a huge runed gate.
 14466 | Elf:2    | Found a huge runed gate.
 14467 | Elf:2    | Found a huge runed gate.
 14467 | Elf:2    | Found a huge runed gate.
 14751 | Elf:2    | Reached XP level 15. HP: 89/99 MP: 16/19
 15346 | Elf:3    | Entered Level 3 of the Elven Halls
 15346 | Elf:3    | Noticed Nikola
 15370 | Elf:2    | Killed Nikola
 15865 | Elf:3    | Found Omneurr's Book Shoppe.
 15952 | Elf:3    | Noticed a deep elf blademaster
 15954 | Elf:3    | Noticed a deep elf elementalist
 15959 | Elf:3    | Noticed a deep elf sorcerer
 15961 | Elf:3    | Noticed a deep elf blademaster
 15969 | Elf:3    | Killed a deep elf elementalist
 15973 | Elf:3    | Cast into level 2 of the Abyss (a deep elf sorcerer)
 15997 | Abyss:2  | Noticed a tentacled starspawn
 16003 | Abyss:2  | Noticed a bone dragon
 16018 | Abyss:2  | Killed a tentacled starspawn
 16027 | Abyss:2  | Noticed a lich
 16027 | Abyss:2  | Noticed a tentacled starspawn
 16035 | Abyss:2  | HP: 1/120 [lich/bolt of lightning (41)]
 16037 | Abyss:2  | Mangled by a bone dragon

Skill      XL: |  1  2  3  4  5  6  7  8  9 10 11 12 13 14 15 |
---------------+----------------------------------------------+-----
Axes           | 2 3 4 5 6 7 8 10 11 12 13 | 13.9
Armour         | 4 5 7 8 9 10 12 13 14 | 14.1
Fighting       | 4 5 7 8 9 10 12 13 14 | 14.1
Shields        | 4 5 7 8 9 10 12 13 14 | 14.1
Invocations    | 1 5 |  5.9

Action                   |  1- 3 |  4- 6 |  7- 9 | 10-12 | 13-15 || total
-------------------------+-------+-------+-------+-------+-------++-------
Melee: War axe           |   158 |   187 |   450 |   888 |   196 ||  1879
       Hand axe          |       |       |       |       |   558 ||   558
Invok: Upheaval          |       |       |       |     2 |     6 ||     8
       Disaster Area     |       |       |       |       |     2 ||     2
Evoke: Wand              |       |       |       |    31 |       ||    31
  Use: Scroll            |     4 |    10 |     5 |    13 |     6 ||    38
       Potion            |     3 |     3 |     2 |    10 |     8 ||    26
  Eat: Chunk             |       |     5 |     5 |     8 |     2 ||    20
       Ration            |       |     1 |     1 |     6 |     3 ||    11
Armor: Scale mail        |    47 |       |       |       |       ||    47
       Plate armour      |    98 |   187 |   309 |   397 |   272 ||  1263
       Skin              |       |       |       |       |     8 ||     8
Dodge: Dodged            |    41 |    30 |    65 |   136 |    75 ||   347
       Deflected         |       |       |       |     4 |    28 ||    32
Block: Shield            |   129 |   135 |   396 |  1035 |   744 ||  2439
